AoeStats
← Chaac1706

Arabia

506750354Analyzed
1v1 RM · 18d ago on Sep 15, 2026· 37m 19s· 2 players
Game mode
Random Map
Map size
Tiny (2 player)
Population
200
Speed
Normal
Resources
Standard
Victory
Conquest
Starting age
Dark Age
Ending age
Imperial Age
RankedLock teamsTeams togetherTeam positionsShared explorationLock speedFull tech treeHidden civsTurbo modeCheats
Victory
Defeat
🇨🇴 Muisca · Colombia
1174
+15
🇲🇽 Inca · Mexico
1160
-15
roly_vic
7:51 Loom
11:03 Feudal Age
11:08 Champi Runner
12:12 Double-Bit Axe
18:22 Scale Mail Armor
23:21 Castle Age
23:05 Forging
23:26 Champi Warrior
28:52 Chain Mail Armor
32:28 Fletching
37:34 Padded Archer Armor
37:30 Bodkin Arrow
Chaac1706
2:50 Loom
11:46 Feudal Age
12:02 Champi Runner
14:03 Wheelbarrow
13:20 Double-Bit Axe
15:00 Wheelbarrow
14:10 Town Watch
21:33 Castle Age
20:30 Scale Mail Armor
22:02 Forging
22:27 Bow Saw
21:59 Horse Collar
21:41 Champi Warrior
22:33 Squires
23:35 Chain Mail Armor
24:25 Heavy Plow
26:26 Iron Casting
26:16 Gold Mining
31:36 Hand Cart
37:12 Imperial Age
34:49 Fletching
35:00 Padded Archer Armor
35:02 Town Watch
34:51 Crossbowman
36:01 Padded Archer Armor
36:09 Bodkin Arrow
37:03 Ballistics
37:05 Town Patrol
37:36 Thumb Ring
37:59 Leather Archer Armor
Connection lost

Rejoining the realm…

Still unreachable

The connection could not be restored.

Session expired

The server has moved on; the page needs a fresh start.